 Dungeon Crawl Stone Soup version 0.19.1 (webtiles) character file.

280 SQman the Sneak (level 6, -2/79 HPs)
             Began as a Naga Wanderer on Dec 15, 2016.
             Was an Initiate of Dithmenos.
             Slain by GordonOverkill's ghost (6 damage)
             ... on level 3 of the Dungeon.
             The game lasted 00:17:32 (2257 turns).

SQman the Sneak (Naga Wanderer)                     Turns: 2257, Time: 00:17:33

Health: -2/79      AC: 23    Str: 12    XL:     6   Next: 27%
Magic:  6/6        EV:  1    Int: 11    God:    Dithmenos [......]
Gold:   87         SH:  0    Dex: 16    Spells: 0 memorised, 5 levels left

rFire  . . .     SeeInvis +     a - +2 quarterstaff
rCold  . . .     Gourm    .     (armour currently unavailable)
rNeg   + + +     Faith    .     (shield currently unavailable)
rPois  +         Spirit   .     (helmet currently unavailable)
rElec  .         Reflect  .     (cloak currently unavailable)
rCorr  .         Harm     .     (gloves currently unavailable)
MR     +....     NoTele   +     (no barding)
Stlth  +++.......               (no amulet)
                                (no ring)
                                (no ring)

@: tree-form
A: rugged brown scales 1, see invisible, (deformed body), magic resistance 1,
(poison resistance), (slowness 0), slow metabolism 1, spit poison 1, no device
heal 1, AC +2
a: Spit Poison, Renounce Religion


You were on level 3 of the Dungeon.
You worshipped Dithmenos.
Dithmenos was noncommittal.
You were not hungry.
You were a tree.
You visited 1 branch of the dungeon, and saw 3 of its levels.

You collected 87 gold pieces.

Inventory:

Hand Weapons
 a - a +2 quarterstaff (weapon)
 e - a +0 dagger
 g - a +0 scythe
Missiles
 h - 13 tomahawks (quivered)
Armour
 d - a +0 robe
 j - a +0 leather armour
 p - a +0 leather armour (melded)
 q - a +0 robe
Scrolls
 b - 2 scrolls of teleportation
 i - a scroll of fear
 o - a scroll of random uselessness
Comestibles
 f - a bread ration
 k - a beef jerky
 l - a meat ration
 m - 6 chunks of flesh
 r - a royal jelly
 s - a slice of pizza


   Skills:
 + Level 2.1 Fighting
   Level 1.0 Axes
 + Level 5.1 Staves
 + Level 2.4 Armour
 + Level 1.0 Dodging
 + Level 6.1 Stealth


You had 5 spell levels left.
You didn't know any spells.

Dungeon Overview and Level Annotations

Branches:
Dungeon (3/15)

Altars:
Dithmenos
Uskayaw
Xom

Annotations:
D:3 GordonOverkill's ghost, amateur MiAE


Innate Abilities, Weirdness & Mutations

You cannot wear boots.
((Your serpentine skin is tough. (AC +2)))
You have supernaturally acute eyesight. (SInv)
((Armour fits poorly on your strangely shaped body.))
((Your system is resistant to poisons. (rPois)))
((You cover ground very slowly.))
You have a slow metabolism.
You can spit poison.
(You are partially covered in rugged brown scales. (AC +1, +3% HP))
You are resistant to hostile enchantments. (MR+)
Potions and wands are less effective at restoring your health.


Message History

GordonOverkill's ghost hits you.
* * * LOW HITPOINT WARNING * * *
You barely miss GordonOverkill's ghost. GordonOverkill's ghost hits you.
* * * LOW HITPOINT WARNING * * *
You sock GordonOverkill's ghost!
GordonOverkill's ghost is moderately damaged.
GordonOverkill's ghost says very slowly, "There's no hope."
GordonOverkill's ghost hits you but does no damage.
You hit GordonOverkill's ghost.
GordonOverkill's ghost is moderately damaged.
GordonOverkill's ghost hits you.
* * * LOW HITPOINT WARNING * * *
You hit GordonOverkill's ghost.
GordonOverkill's ghost is moderately damaged.
GordonOverkill's ghost hits you!
* * * LOW HITPOINT WARNING * * *
You hit GordonOverkill's ghost.
GordonOverkill's ghost is heavily damaged.
GordonOverkill's ghost hits you.
You die...

## .. #.# ##.## #.# #... #.#
#..# #.# #..#
..#######.######..#
..##<...........♣.## ....
..##.####.##....W..# ...?#..
))##.####.##.##.†..# ##......#
..........##.##.)..###.......#
..)............?.............#
.###########.#####.###....?..#
.....>.# #.#####..........#
.#####=# #...............###
.# #.# ########..........#


You could see GordonOverkill's ghost.

Vanquished Creatures
  Sigmund (D:2)
  Ijyb (D:3)
  Jessica (D:2)
  An ooze (D:1)
  2 worms (D:2)
  A dart slug (D:1)
  4 orcs (D:3)
  A ball python (D:2)
  7 bats
  A giant cockroach (D:2)
  6 hobgoblins
  5 kobolds
  5 frilled lizards
  5 goblins
  18 rats
59 creatures vanquished.

Notes
Turn   | Place    | Note
-------+----------+-------------------------------------------
     0 | D:1      | SQman the Naga Wanderer began the quest for the Orb.
     0 | D:1      | SQman set off with: a +2 quarterstaff, a scroll of teleportation, a potion of lignification, a +0 robe, a +0 dagger, a bread ration
     0 | D:1      | Reached XP level 1. HP: 18/18 MP: 1/1
   116 | D:1      | Reached XP level 2. HP: 8/25 MP: 2/2
   189 | D:1      | Gained mutation: You are resistant to hostile enchantments. (MR+) [potion of mutation]
   189 | D:1      | Gained mutation: You are partially covered in rugged brown scales. (AC +1, +3% HP) [potion of mutation]
   189 | D:1      | Gained mutation: Potions and wands are less effective at restoring your health. [potion of mutation]
   763 | D:1      | Reached XP level 3. HP: 28/31 MP: 3/3
   996 | D:1      | Reached skill level 5 in Stealth
  1090 | D:2      | Found a shadowy altar of Dithmenos.
  1090 | D:2      | Found a hide-covered altar of Uskayaw.
  1098 | D:2      | Became a worshipper of Dithmenos the Shadowed
  1186 | D:2      | Found a shimmering altar of Xom.
  1191 | D:2      | Found a shimmering altar of Xom.
  1191 | D:2      | Found a shimmering altar of Xom.
  1290 | D:2      | Noticed Sigmund
  1303 | D:2      | Killed Sigmund
  1303 | D:2      | Reached skill level 1 in Dodging
  1303 | D:2      | Reached XP level 4. HP: 23/40 MP: 4/4
  1303 | D:2      | Reached XP level 5. HP: 27/46 MP: 5/5
  1734 | D:2      | Noticed Jessica
  1739 | D:2      | Killed Jessica
  1739 | D:2      | Reached skill level 5 in Staves
  1739 | D:2      | Reached XP level 6. HP: 53/53 MP: 6/6
  2147 | D:3      | Reached skill level 6 in Stealth
  2218 | D:3      | Noticed Ijyb
  2237 | D:3      | Killed Ijyb
  2240 | D:3      | Noticed GordonOverkill's ghost (amateur MiAE)
  2257 | D:3      | Slain by GordonOverkill's ghost

Skill      XL: |  1  2  3  4  5  6 |
---------------+-------------------+-----
Stealth        | 5 6 |  6.1
Fighting       | 2 |  2.1
Staves         | 4 5 |  5.1
Armour         | 2 |  2.4
Dodging        | 1 |  1.0
Axes           | |  1.0

Action                   |  1- 3 |  4- 6 || total
-------------------------+-------+-------++-------
Melee: Quarterstaff      |    70 |    67 ||   137
 Abil: Spit Poison       |     3 |     3 ||     6
  Use: Scroll            |     3 |     6 ||     9
       Potion            |     3 |     1 ||     4
 Stab: Sleeping          |     5 |     5 ||    10
  Eat: Bread ration      |     1 |       ||     1
       Chunk             |     1 |       ||     1
Armor: Robe              |     4 |       ||     4
       Leather armour    |    21 |    23 ||    44
       Skin              |       |     2 ||     2
Dodge: Dodged            |    43 |    30 ||    73
